 Dungeon Crawl Stone Soup version 0.30-a0-305-g026cb31310 (webtiles) character file.

Game seed: 18111602067170081515

973 Zonian the Ducker (level 8, -8/50 HPs)
             Began as a Djinni Ice Elementalist on Oct 22, 2022.
             Mangled by an ogre
             ... wielding a +0 giant spiked club
              (19 damage)
             ... on level 5 of the Dungeon.
             The game lasted 00:14:58 (6450 turns).

Zonian the Ducker (Djinni Ice Elementalist)         Turns: 6450, Time: 00:14:58

Health: -8/50      AC:  5    Str:  7    XL:     8   Next: 39%
Gold:   396        EV: 14    Int: 20    God:
                   SH:  5    Dex: 13

rFire   + + +      SeeInvis .    p - +5 quarterstaff (vorpal)
rCold   x . .      Faith    .    (shield currently unavailable)
rNeg    . . .      Spirit   .    a - +0 robe
rPois   ∞          Reflect  +    (no helmet)
rElec   .          Harm     .    (no cloak)
rCorr   .          Rampage  .    l - +2 pair of gloves
Will    .....                    (boots unavailable)
Stlth   +++.......               o - amulet of reflection
HPRegen 0.28/turn                j - ring of protection from fire
MPRegen 0.00/turn                (no ring)

@: freezing walls, flying
A: sickness immunity, fire resistance 2, cold vulnerability 1, float, innate
caster, HP casting, extra vitality 1
a: no special abilities


You were on level 5 of the Dungeon.
You visited 1 branch of the dungeon, and saw 5 of its levels.

You collected 396 gold pieces.

Inventory:

Hand Weapons
 e - a +0 sling
 f - a +0 short sword
 p - a +5 vorpal quarterstaff (weapon)
 q - a +4 dagger
Missiles
 h - 10 boomerangs
Armour
 a - a +0 robe (worn)
 c - a +0 pair of gloves
 l - a +2 pair of gloves (worn)
Jewellery
 j - a ring of protection from fire (left hand)
 o - an amulet of reflection (around neck)
Wands
 g - a wand of charming (10)
Scrolls
 d - 3 scrolls of vulnerability
 s - a scroll of noise
Potions
 b - 2 potions of degeneration
 k - 3 potions of cancellation
 m - a potion of brilliance
 r - 2 potions of resistance
 u - 2 potions of flight {unknown}


   Skills:
 + Level 2.8 Staves
 + Level 5.7 Dodging
 + Level 4.7 Stealth
 + Level 5.0 Spellcasting


You couldn't memorise any spells.
You knew the following spells:

 Your Spells              Type           Power      Damage    Failure   Level
a - Freeze                Ice            100%       1d10      1%          1
b - Frozen Ramparts       Ice            50%        1d8       4%          3
c - Ozocubu's Armour      Ice            25%        N/A       4%          3
d - Summon Ice Beast      Ice/Summ       25%        N/A       14%         4
e - Magic Dart            Conj           100%       1d8       1%          1
f - Ensorcelled Hibernat  Hex/Ice        50%        N/A       2%          2
g - Inner Flame           Hex/Fire       25%        N/A       4%          3
Your spell library was empty.

Dungeon Overview and Level Annotations

Branches:
Dungeon (5/15)
 Temple: D:4-7

Altars:
Qazlal
Trog


Innate Abilities, Weirdness & Mutations

You are immune to sickness and miasma.
You are immune to poison.
Your flesh is very heat resistant. (rF++)
You are vulnerable to cold. (rC-)
You float through the air rather than walking.
You learn spells naturally, not from books.
Your magical power is your life essence.
You have superior vitality. (+4 MHP)


Message History

The ogre is moderately wounded.
The ogre closely misses you.
Unknown command.
You hit the ogre.
The ogre is moderately wounded.
The ogre hits you with a +0 giant spiked club!
Unknown command.
The water moccasin attacks as you move away!
The water moccasin barely misses you. The water moccasin misses you.
Unknown command.
Casting: Ensorcelled Hibernation (safe; 2% risk of failure)
Confirm with . or Enter, or press ? or * to list all spells.
Casting: Frozen Ramparts (dangerous; 4% risk of failure)
Press: ? - help, Dir - look around, f - activate The walls around you are covered in ice.
The wall freezes the water moccasin.
The water moccasin seems to slow down.
You block the water moccasin's attack.
The wall freezes the ogre.
Unknown command.
You closely miss the water moccasin.
The water moccasin is lightly wounded.
The wall freezes the water moccasin!
The water moccasin seems to slow down.
You block the water moccasin's attack.
The wall freezes the ogre.
Unknown command.
You closely miss the water moccasin.
The water moccasin is heavily wounded.
You block the ogre's attack.
The wall freezes the water moccasin!
The water moccasin seems to slow down.
The water moccasin misses you.
Unknown command.
You sock the water moccasin!
You kill the water moccasin!
The ogre hits you with a +0 giant spiked club!!
Ouch! That really hurt!
* * * LOW HITPOINT WARNING * * *
Your Spellcasting skill increases to level 5!
Unknown command.
You hit the ogre.
The ogre is severely wounded.
The ogre hits you with a +0 giant spiked club!!
You die...

#.................e#..
*****#.............###.....
*,,,,#.............###.....
*,,,,#.............#.'.....
*,,,,#.....†.......#.#.....
*.,,,#.............#.#.....
*...,#............##.###.##
*****....#...O........##.# #?.#
*,,,,.........@...######.###...
*,,,,........####.######.#.'...
*,,,,........# #.#......#.#...
*,,,,.......)####.#'######.#...
*,,,,...................##.##.#
*,,,,...................##.....
*,,,,w..................#####.#
*,,,,...................'.....#
*,,,,...................#######


You could see an ogre.

Vanquished Creatures
  A water moccasin (D:5)
  Duvessa (D:5)
  An ogre (D:5)
  A necrophage (D:4)
  A scorpion (D:4)
  Dowan (D:5)
  A killer bee (D:5)
  A howler monkey (D:5)
  3 hounds
  A gnoll bouda (D:5)
  2 orc wizards (D:5)
  13 gnolls (D:5)
  4 adders
  An ufetubus (D:5)
  4 worms
  5 dart slugs
  24 orcs
  6 ball pythons
  3 bats
  2 endoplasms
  A giant cockroach (D:3)
  6 goblins
  2 hobgoblins
  12 jackals (D:5)
  2 quokkas
  4 frilled lizards
  4 kobolds
  4 rats
111 creatures vanquished.

Vanquished Creatures (collateral kills)
  An ufetubus (D:5)
1 creature vanquished.

Vanquished Creatures (others)
  2 plants (D:5)
2 creatures vanquished.

Grand Total: 114 creatures vanquished

Notes
Turn   | Place    | Note
-------+----------+-------------------------------------------
     0 | D:1      | Zonian the Djinni Ice Elementalist began the quest for the
                  | Orb.
     0 | D:1      | Zonian set off with the following spells memorised: Freeze,
                  | Frozen Ramparts, Ozocubu's Armour, Summon Ice Beast.
     0 | D:1      | Reached XP level 1. HP: 15/15 MP: 0/0
    23 | D:1      | Found a faded altar of an unknown god.
   264 | D:1      | Reached XP level 2. HP: 21/21 MP: 0/0
   935 | D:2      | Reached XP level 3. HP: 24/25 MP: 0/0
   935 | D:2      | Learned a level 1 spell: Magic Dart
  2557 | D:4      | Reached XP level 4. HP: 31/31 MP: 0/0
  2585 | D:4      | Noticed a scorpion
  2587 | D:4      | Noticed a necrophage
  2594 | D:4      | Killed a scorpion
  2595 | D:4      | Reached XP level 5. HP: 27/35 MP: 0/0
  2595 | D:4      | Learned a level 2 spell: Ensorcelled Hibernation
  3216 | D:4      | Reached XP level 6. HP: 40/40 MP: 0/0
  3350 | D:4      | Identified the +1 falchion "Imp's Nightmare" {antimagic,
                  | rPois rF- Str-5 Dex+9}
  3439 | D:4      | Found a stormy altar of Qazlal.
  3439 | D:4      | Found a bloodstained altar of Trog.
  3478 | D:5      | Entered Level 5 of the Dungeon
  4279 | D:5      | Reached skill level 1 in Staves
  4279 | D:5      | Reached XP level 7. HP: 43/45 MP: 0/0
  4279 | D:5      | Learned a level 3 spell: Inner Flame
  5366 | D:5      | Reached skill level 5 in Dodging
  5982 | D:5      | Noticed Duvessa
  5982 | D:5      | Noticed Dowan
  5989 | D:5      | Reached XP level 8. HP: 40/50 MP: 0/0
  5993 | D:5      | Killed Dowan
  6031 | D:5      | Killed Duvessa
  6450 | D:5      | Reached skill level 5 in Spellcasting
  6450 | D:5      | Mangled by an ogre

Illustrated notes

Levels and vault maps discovered:
D:1:      minmay_arrival_three_doors, layout_loops_ring,
          ebering_ecumenical_altar_mist, minmay_misc_feat_pillars,
          minmay_surrounded
D:2:      layout_basic
D:3:      layout_basic, chequers_serial_rivers_micro_a
D:4:      layout_gridville, gammafunk_temple_overflow_statue
D:5:      lemuel_castle_with_subvaults [lemuel_castle_interior_original],
          layout_basic, uniq_duvessa

Skill      XL: |  1  2  3  4  5  6  7  8 |
---------------+-------------------------+-----
Stealth        | 2 3 4 |  4.7
Dodging        | 3 4 5 |  5.7
Spellcasting   | 4 5 |  5.0
Staves         | 1 2 |  2.8

Action                   |  1- 3 |  4- 6 |  7- 9 || total
-------------------------+-------+-------+-------++-------
Melee: Unarmed           |     5 |       |       ||     5
       Short sword       |     9 |       |       ||     9
       Quarterstaff      |     9 |    96 |   111 ||   216
 Cast: Freeze            |    39 |    18 |     1 ||    58
       Magic Dart        |       |     1 |       ||     1
       Frozen Ramparts   |       |     2 |     4 ||     6
       Inner Flame       |       |       |     3 ||     3
       Ensorcelled Hiber |       |       |     1 ||     1
Evoke: Wand              |       |       |     1 ||     1
  Use: Scroll            |     5 |     9 |     6 ||    20
 Stab: Sleeping          |     4 |     2 |       ||     6
       Distracted        |       |     1 |     1 ||     2
Armor: Robe              |     6 |    26 |    14 ||    46
Dodge: Dodged            |    27 |    61 |    65 ||   153
Block: Other             |       |    15 |    22 ||    37
       Reflection        |       |       |     1 ||     1

Table legend: (Time is in decaauts)
 A = Elapsed time spent in this place.
 B = Non-inter-level travel time spent in this place.
 C = Inter-level travel time spent in this place.
 D = Time resting spent in this place.
 E = Time spent auto-exploring this place.
 F = Levels seen in this place.
 G = Mean time per level.
                   A        B        C        D        E       F      G
               +--------+--------+--------+--------+--------+-----+--------+
         Total |   6502 |   6422 |     80 |   1743 |   3222 |   5 | 1300.4 |
       Dungeon |   6502 |   6422 |     80 |   1743 |   3222 |   5 | 1300.4 |
               +--------+--------+--------+--------+--------+-----+--------+

Top non-repeatable levels by time:
     D:5: 2867 daAuts
     D:4: 1120 daAuts
     D:2: 982 daAuts
     D:3: 902 daAuts
     D:1: 630 daAuts
